 Dungeon Crawl Stone Soup version 0.30.1-11-g7821555f0a (webtiles) character file.

Game seed: 10116157511985877828

217 Queen the Ruffian (level 5, -1/66 HPs)
             Began as a Draconian Transmuter on Nov 12, 2023.
             Slain by Pikel
             ... wielding a +1 whip of flaming
              (2 damage)
             ... on level 4 of the Dungeon.
             The game lasted 00:09:48 (3450 turns).

Queen the Ruffian (Draconian Transmuter)            Turns: 3450, Time: 00:09:49

Health: -1/66      AC: 30    Str: 12    XL:     5   Next: 61%
Magic:  0/9        EV:  2    Int: 16    God:
Gold:   157        SH:  0    Dex: 11    Spells: 3/9 levels left

rFire   . .          .
                       - Unarmed
rCold   . . .        (no shield)
rNeg    . . .        (body armour unavailable)
rPois   +            (helmet currently unavailable)
rElec   .            (cloak currently unavailable)
rCorr   .            (gloves currently unavailable)
SInv    .            (boots currently unavailable)
Will    .....        d - amulet of guardian spirit
Stlth   +            k - +4 ring of protection
HPRegen 0.31/turn    o - +4 ring of protection
MPRegen 0.11/turn

%: guardian spirit
@: tree-form (expiring), weak-willed
A: stationary, stasis, torment immunity, boosted hp, AC +5, unfitting armour,
(cold-blooded)
a: no special abilities


You were on level 4 of the Dungeon.
You were a tree.
You visited 1 branch of the dungeon, and saw 4 of its levels.

You collected 157 gold pieces.

Inventory:

Jewellery
 d - an amulet of guardian spirit (around neck)
 k - a +4 ring of protection (left branch)
 o - a +4 ring of protection (right branch)
 t - a ring of resist corrosion
Wands
 r - a wand of digging (5)
Scrolls
 e - a scroll of teleportation
 i - a scroll of immolation
 j - a scroll of fear {unknown}
 m - 2 scrolls of amnesia {unknown}
 u - a scroll of silence {unknown}
 v - a scroll of identify
Potions
 b - 2 potions of degeneration
 c - 4 potions of haste {unknown}
 f - a potion of might
 g - 3 potions of flight
 h - a potion of heal wounds
 l - 3 potions of curing {unknown}
 p - a potion of ambrosia {unknown}
 q - 2 potions of brilliance {unknown}
 s - a potion of invisibility {unknown}


   Skills:
 + Level 2.8 Fighting
 + Level 2.9 Dodging
 + Level 3.9 Unarmed Combat
 + Level 2.9 Spellcasting
 + Level 3.1 Transmutations


You had 3 spell levels left.
You knew the following spells:

 Your Spells              Type           Power      Damage    Failure   Level
a - Beastly Appendage     Tmut           24%        N/A       5%          1
b - Wereblood             Tmut           12%        N/A       8%          2
c - Spider Form           Tmut/Pois      7%         N/A       30%         3

Your spell library contained the following spells:

 Spells                   Type           Power      Damage    Failure   Level
 Necrotise                Necr           8%         1d4       19%         1
 Vampiric Draining        Necr           2%         2d6       50%         3
 Vhi's Electric Charge    Tloc/Air       4%         N/A       50%         3
 Volatile Blastmotes      Fire/Tloc      4%         2d10      50%         3
 Ice Form                 Ice/Tmut       7%         N/A       69%         4
 Fulminant Prism          Conj/Hex       1%         3d5       88%         4
 Iskenderun's Mystic Bla  Conj/Tloc      2%         2d3       88%         4
 Agony                    Necr           2%         N/A       99%         5
 Arcjolt                  Conj/Air       1%         1d11      99%         5
 Lee's Rapid Deconstruct  Erth           1%         3d4*      99%         5
 Maxwell's Capacitive Co  Air            1%         ∞         100%        8


Dungeon Overview and Level Annotations

Branches:
Dungeon (4/15)
 Temple: D:4-7

Altars:

Annotations:
D:4 Pikel


Innate Abilities, Weirdness & Mutations

You are a tree.
Your roots penetrate the ground, keeping you stationary.
You cannot be teleported.
You are immune to unholy pain and torment.
Your maximum health is greatly increased.
Your equipment is partially melded.
((Your plain brown scales are hard. (AC +5)))
You cannot fit into any form of body armour.
((You are cold-blooded and may be slowed by cold attacks.))


Message History

Okay, then.
Really quaff the potion of lignification?
You turn into a tree.
Your roots penetrate the ground.
Pikel hits you with a +1 whip of flaming!
* * * LOW HITPOINT WARNING * * *
Pikel burns you.
* * * LOW HITPOINT WARNING * * *
You hit Pikel but do no damage. Pikel hits you but does no damage.
You barely miss Pikel. The lemure hits you but does no damage.
Pikel hits you with a +1 whip of flaming.
* * * LOW HITPOINT WARNING * * *
Pikel burns you.
* * * LOW HITPOINT WARNING * * *
You hit Pikel but do no damage. The lemure hits you but does no damage.
Pikel hits you but does no damage.
You smack Pikel!
Pikel is lightly wounded.
The lemure hits you but does no damage. Pikel hits you but does no damage.
You barely miss Pikel.
Pikel is lightly wounded.
The lemure completely misses you.
Pikel hits you with a +1 whip of flaming.
Pikel burns you.
* * * LOW HITPOINT WARNING * * *
Okay, then.
As you read the scroll labelled LULIRID FONEPP, it crumbles to dust.
The creatures around you are filled with an inner flame!
It was a scroll of immolation.
Your transformation is almost over.
The lemure hits you but does no damage. Pikel hits you but does no damage.
As you read the scroll labelled ENIKOU POAKLUD, it crumbles to dust.
You feel a strange sense of stasis.
It was a scroll of teleportation.
The lemure hits you but does no damage. Pikel hits you but does no damage.
As you read the scroll labelled RYRIMU KATIP, it crumbles to dust.
Magic quickly surges around you.
It was a scroll of vulnerability.
The lemure hits you but does no damage.
Pikel hits you with a +1 whip of flaming.
* * * LOW HITPOINT WARNING * * *
Pikel burns you.
You die...

.........## #.# #.. #...
..........# #.# #..##...
.........## #.# #.......
#.......## #.# #......#
##......## #.# ####..##
####.....## ####.# #5##
..#.......## ##.##.## #.)##
#..........####...#..########...#
.....†.....+....♣K.........†)...(
........^..####..5##.########...#
###.....<.## ##.###.# #..##
##.....## ##....# #.## ##...##
#.#### ..# ##'## #.# .##
######.## #.# . ........# #.#
######..# #.#


You could see Pikel (inner flame, weak-willed) and a lemure (inner flame,
weak-willed).

Vanquished Creatures
  3 lemures (D:4)
  2 hounds
  Jessica (D:2)
  Ijyb (D:3)
  2 adders
  A worm (D:2)
  5 dart slugs
  4 orcs
  4 endoplasms
  2 giant cockroaches (D:2)
  12 goblins
  7 hobgoblins
  3 jackals (D:2)
  5 kobolds
  3 quokkas
  A ball python (D:2)
  4 bats
  4 frilled lizards
  7 rats
71 creatures vanquished.

Notes
Turn   | Place    | Note
-------+----------+-------------------------------------------
     0 | D:1      | Queen the Draconian Transmuter began the quest for the Orb.
     0 | D:1      | Reached XP level 1. HP: 16/16 MP: 3/3
   167 | D:1      | Reached XP level 2. HP: 23/23 MP: 1/5
   177 | D:1      | Learned a level 2 spell: Wereblood
   498 | D:1      | Found a faded altar of an unknown god.
   955 | D:1      | Found a transporter.
   966 | D:1      | Found a transporter.
  1161 | D:2      | Reached XP level 3. HP: 17/29 MP: 2/6
  1454 | D:2      | Learned a level 3 spell: Spider Form
  1719 | D:2      | Noticed Jessica
  1729 | D:2      | Killed Jessica
  1730 | D:2      | Reached XP level 4. HP: 35/36 MP: 0/7
  2355 | D:3      | Identified the +8 dagger "Roqoraalo" {venom, Fragile rElec
                  | rPois rN+}
  2594 | D:3      | Reached XP level 5. HP: 42/42 MP: 7/9
  2629 | D:3      | Noticed Ijyb
  2651 | D:3      | Killed Ijyb
  3368 | D:4      | Noticed a lemure
  3368 | D:4      | Noticed a lemure
  3369 | D:4      | Noticed Pikel
  3369 | D:4      | Noticed a lemure
  3373 | D:4      | Noticed a lemure
  3384 | D:4      | Killed a lemure
  3389 | D:4      | Killed a lemure
  3411 | D:4      | Killed a lemure
  3444 | D:4      | HP: 3/66 [Pikel/+1 whip of flaming (1)]
  3450 | D:4      | HP: 1/66 [Pikel/+1 whip of flaming (3)]
  3450 | D:4      | Slain by Pikel

Illustrated notes

Levels and vault maps discovered:
D:1:      spicycebolla_arrival_transporter_tutorial, layout_loops_cross,
          ebering_ecumenical_altar_box
D:2:      layout_rooms, kennysheep_jessica_study
D:3:      layout_rooms, uniq_ijyb
D:4:      layout_loops_corners, portal_sewer_entry_b,
          kennysheep_generic_room_10, uniq_edmund, uniq_grinder, uniq_pikel

Skill      XL: |  1  2  3  4  5 |
---------------+----------------+-----
Dodging        | 2 |  2.9
Fighting       | 2 |  2.8
Transmutations | 3 |  3.1
Unarmed Combat | |  3.9
Spellcasting   | |  2.9

Action                     |  1- 3 |  4- 6 || total
---------------------------+-------+-------++-------
  Melee: Unarmed           |   130 |   135 ||   265
         Kick              |    26 |    27 ||    53
         Headbutt          |     8 |    19 ||    27
         Punch             |     3 |       ||     3
         Tailslap          |    11 |    14 ||    25
   Cast: Beastly Appendage |    25 |    19 ||    44
         Spider Form       |     1 |     2 ||     3
    Use: Scroll            |     5 |     4 ||     9
         Potion            |       |     1 ||     1
 Armour: Skin              |    53 |    70 ||   123
  Dodge: Dodged            |    87 |    76 ||   163
